 Dungeon Crawl Stone Soup version 0.17.0-23-g0de4337 (webtiles) character file.

122 tp1 the Conjurer (level 4, 0/24 HPs)
             Began as a Deep Elf Conjurer on Nov 13, 2015.
             Slain by a jackal (1 damage)
             ... on level 3 of the Dungeon.
             The game lasted 00:07:52 (2136 turns).

tp1 the Conjurer (Deep Elf Conjurer)                Turns: 2136, Time: 00:07:52

Health: 0/24       AC:  2    Str:  5    XL:     4   Next: 78%
Magic:  0/10       EV: 13    Int: 21    God:
Gold:   178        SH:  0    Dex: 15    Spells: 1 memorised, 8 levels left

rFire  . . .     SeeInvis .     w - -1 short sword (curse)
rCold  . . .     Clarity  .     a - +0 robe
rNeg   . . .     SustAt   .     (no shield)
rPois  .         Gourm    .     (no helmet)
rElec  .         Spirit   .     (no cloak)
rCorr  .         Warding  .     (no gloves)
rMut   .         Stasis   .     (no boots)
MR     .....                    (no amulet)
Stlth  ++........               (no ring)
                                m - ring of flight

@: not resistant to hostile enchantments, unstealthy
A: no striking features
a: Evoke Flight


You were on level 3 of the Dungeon.
You were hungry.

You visited 1 branch of the dungeon, and saw 3 of its levels.

You collected 178 gold pieces.

Inventory:

Hand Weapons
 g - a +0 club
 l - a +0 short sword
 w - a cursed -1 short sword (weapon)
Armour
 a - a +0 robe (worn)
Jewellery
 m - a ring of flight (left hand)
 o - a cursed ring of loudness {unknown}
Wands
 v - a wand of fireball (4)
Scrolls
 e - a scroll of magic mapping {unknown}
 f - 4 scrolls of identify {unknown}
 h - a scroll of teleportation {unknown}
 p - a scroll of immolation {unknown}
 q - a scroll of fog {unknown}
 r - 3 scrolls of blinking {unknown}
 s - a scroll of recharging {unknown}
 y - a scroll of enchant weapon {unknown}
Potions
 i - 4 potions of curing {unknown}
 j - a potion of flight {unknown}
 n - a potion of agility {unknown}
 u - a potion of magic {unknown}
Books
 b - a book of Conjurations

   Spells                             Type                      Level
   a - Magic Dart                     Conjuration                  1
   b - Searing Ray                    Conjuration                  2
   c - Dazzling Spray                 Conjuration/Hexes            3
   d - Fulminant Prism                Conjuration/Hexes            4
   e - Iskenderun's Mystic Blast      Conjuration                  4
   f - Iskenderun's Battlesphere      Conjuration/Charms           5
Comestibles
 c - a bread ration
 d - 6 fruits
 k - a slice of pizza
 t - 2 beef jerkies
 x - a meat ration


   Skills:
 - Level 2.4 Dodging
 - Level 2.4 Stealth
 - Level 3.0 Spellcasting
 + Level 6.8 Conjurations


You had 8 spell levels left.
You knew the following spells:

 Your Spells              Type           Power        Failure   Level  Hunger
a - Magic Dart            Conj           ####         1%          1    None


Dungeon Overview and Level Annotations

Branches:
Dungeon (3/15)

Altars:
Trog


Message History

The jackal is severely wounded.
The jackal closely misses you.
Casting: Magic Dart
Confirm with . or Enter, or press ? or * to list all spells.
Aiming: Magic Dart
Press: ? - help, Shift-Dir - straight line, f/p - jackal
Aim: a jackal (severely wounded)
The magic dart hits the jackal.
The jackal is severely wounded.
The jackal bites you.
* * * LOW HITPOINT WARNING * * *
Casting: Magic Dart
Confirm with . or Enter, or press ? or * to list all spells.
Aiming: Magic Dart
Press: ? - help, Shift-Dir - straight line, f/p - jackal
Aim: a jackal (severely wounded)
The magic dart hits the jackal.
The jackal is almost dead.
The jackal bites you.
You die...

##########
#........#
####........#
............#
#....†...#
#..@h[...####
#####..((....
#.##...####.....
#h# #..........
#.# ## ......
#.## #..... #..#
##.$... ##.##
#...... #[.##
#.(....


You could see a jackal.

Vanquished Creatures
  An orc priest (D:3)
  3 gnolls (D:2)
  An adder (D:2)
  A worm (D:3)
  3 giant geckos
  4 orcs (D:3)
  2 ball pythons (D:1)
  2 giant cockroaches
  6 goblins
  6 hobgoblins
  6 jackals
  2 bats
  3 giant newts
  4 kobolds
  4 rats
48 creatures vanquished.

Notes
Turn   | Place    | Note
--------------------------------------------------------------
     0 | D:1      | tp1 the Deep Elf Conjurer began the quest for the Orb.
     0 | D:1      | Reached XP level 1. HP: 10/10 MP: 6/6
   156 | D:1      | Reached XP level 2. HP: 7/15 MP: 0/8
   317 | D:1      | Reached skill level 5 in Conjurations
  1000 | D:2      | Reached XP level 3. HP: 16/19 MP: 2/9
  1191 | D:2      | Found a bloodstained altar of Trog.
  1539 | D:2      | Reached skill level 6 in Conjurations
  1544 | D:2      | Reached XP level 4. HP: 7/24 MP: 1/10
  2048 | D:3      | Noticed an ice beast
  2130 | D:3      | HP: 1/24 [jackal (2)]
  2135 | D:3      | HP: 1/24 [jackal (1)]
  2136 | D:3      | Slain by a jackal

Action                   |  1- 3 |  4- 6 || total
-------------------------+-------+-------++-------
Melee: Club              |     7 |       ||     7
       Unarmed           |     1 |       ||     1
       Short sword       |    10 |     1 ||    11
 Cast: Magic Dart        |    65 |    34 ||    99
Evoke: Wand              |       |     2 ||     2
  Eat: Chunk             |     1 |     2 ||     3
